Map: Ascension to Aiur LE

Players

ZenedoR

  • Race: Zerg Zerg
  • Spawn Location: 5:00

puCK (Nina) - Winner!

  • Race: Protoss Protoss
  • Spawn Location: 11:00

Event: WCS Montreal 2017

VOD

Have the link to the VOD?

Description

Time

  • Played on: Sept. 8, 2017, 11:45 a.m.
  • Length: 8:24

All games in this series

Show
View Real Time Build Order
Export as new Build Order

ZenedoR Zerg 

Build Orders: Hatch First, Zergling Baneling 

Get SALT Encoding   

  12  0:01  Drone  
  13  0:12  Overlord  
  13  0:18  Drone  
  14  0:30  Drone x2  
  14  0:35  Drone  
  17  0:51  Hatchery  
  17  0:54  Drone  
  17  0:57  Drone  
  18  1:08  Extractor  
  17  1:12  Spawning Pool  
  17  1:16  Drone  
  17  1:19  Drone  
  18  1:28  Drone  
  19  1:38  Overlord  
  19  1:59  Queen  
  19  2:00  Zergling x4  
  23  2:03  Queen  
  23  2:04  Drone  
  26  2:10  Drone  
  26  2:15  Drone  
  28  2:22  Metabolic Boost  
  28  2:25  Drone x2  
  30  2:33  Drone  
  31  2:43  Hatchery  
  30  2:48  Baneling Nest  
  30  2:49  Drone  
  30  2:50  Drone  
  31  2:56  Overlord  
  31  3:02  Zergling x2  
  31  3:03  Zergling x2  
  33  3:06  Overlord  
  33  3:15  Zergling x6  
  33  3:18  Overlord  
  36  3:26  Zergling x6  
  39  3:33  Zergling x4  
  40  3:37  Zergling x2  
  41  3:53  Baneling x6  
  41  3:54  Baneling x2  
  41  3:55  Zergling x12  
  47  4:03  Zergling x6  
  47  4:11  Zergling x6  
  48  4:22  Zergling x2  
  48  4:23  Zergling x4  
  46  4:26  Zergling x2  
  43  4:37  Baneling  
  43  4:38  Baneling x5  
  41  4:40  Zergling x6  
  44  4:47  Baneling  
  44  4:49  Zergling x6  
  44  5:01  Zergling x4  
  44  5:02  Zergling x6  
  48  5:13  Zergling x8  
  51  5:19  Zergling x4  
  50  5:34  Zergling x10  
  52  5:45  Zergling x8  
  49  5:55  Baneling x4  
  49  5:57  Zergling x2  
  45  6:01  Zergling x4  
  46  6:07  Zergling x2  
  46  6:08  Zergling x4  
  49  6:17  Zergling x2  
  49  6:18  Zergling x6  
  48  6:30  Drone x4  
  51  6:34  Drone x2  
  51  6:38  Drone  
  51  6:39  Drone  
  53  6:52  Roach Warren  
  51  6:59  Drone x5  
  47  7:19  Drone x10  
  50  7:33  Roach  
  50  7:34  Roach x3  
  51  7:41  Queen  
  50  7:48  Roach  
  52  7:51  Roach  
Show
View Real Time Build Order
Export as new Build Order

puCK Protoss - Winner!

Build Orders: 1 Gate Expand, Zealot Archon 

Get SALT Encoding   

  12  0:03  Probe (Chrono Boost)  
  14  0:14  Probe (Chrono Boost)  
  14  0:18  Pylon  
  14  0:24  Probe (Chrono Boost)  
  15  0:36  Probe (Chrono Boost)  
  15  0:39  Gateway  
  16  0:48  Assimilator  
  16  0:49  Probe (Chrono Boost)  
  17  0:59  Probe (Chrono Boost)  
  19  1:11  Probe (Chrono Boost)  
  19  1:23  Nexus  
  19  1:27  Probe (Chrono Boost)  
  20  1:37  Cybernetics Core  
  21  1:40  Probe (Chrono Boost)  
  21  1:48  Assimilator  
  21  1:50  Probe (Chrono Boost)  
  22  1:55  Pylon  
  22  2:02  Probe (Chrono Boost)  
  23  2:14  Stalker (Chrono Boost)  
  25  2:15  Probe  
  25  2:17  Warp Gate  
  26  2:28  Probe  
  27  2:33  Mothership Core  
  29  2:40  Probe, Adept (Chrono Boost)  
  32  2:51  Twilight Council  
  32  2:52  Probe  
  32  2:53  Probe (Chrono Boost)  
  34  3:04  Probe (Chrono Boost)  
  34  3:05  Probe (Chrono Boost)  
  36  3:09  Robotics Facility  
  36  3:15  Probe x2 (Chrono Boost)  
  38  3:23  Charge (Chrono Boost)  
  38  3:25  Probe x2 (Chrono Boost)  
  40  3:35  Probe  
  40  3:36  Probe  
  40  3:38  Pylon  
  42  3:44  Gateway  
  42  3:45  Probe, Gateway  
  43  3:51  Gateway  
  43  3:53  Probe  
  44  3:58  Warp Prism (Chrono Boost)  
  46  4:05  Probe  
  46  4:09  Assimilator  
  47  4:10  Assimilator  
  47  4:16  Gateway  
  45  4:17  Probe  
  45  4:19  Gateway  
  45  4:24  Adept  
  46  4:26  Probe  
  46  4:29  Probe  
  48  4:33  Pylon  
  48  4:36  Pylon  
  49  4:41  Probe  
  49  4:43  Templar Archives  
  49  4:44  Probe  
  50  4:51  Sentry  
  52  4:54  Probe  
  52  4:55  Probe  
  52  4:57  Pylon  
  52  5:05  Zealot x2  
  51  5:09  Zealot  
  52  5:18  Pylon  
  52  5:20  Pylon  
  48  5:28  Zealot x2  
  48  5:30  Zealot  
  54  5:41  Pylon  
  42  6:05  Pylon  
  42  6:06  Pylon  
  42  6:07  High Templar x2  
  46  6:11  Archon  
  45  6:23  Probe  
  46  6:31  Pylon  
  44  6:34  Pylon  
  44  6:35  Pylon  
  44  6:38  Gateway  
  43  6:41  Gateway  
  43  7:01  Zealot  
  45  7:16  Zealot x2  
  45  7:22  Zealot  
  49  7:38  Zealot  
  49  7:39  Zealot x3  
  53  7:44  Zealot  
  55  7:57  Zealot  
  57  7:59  Zealot x3  
  63  8:15  Nexus  
Tags
 
Add a new tag
Caveats
  • Supply blocks, unpowered buildings, or Contaminate may cause inaccurate times.
  • Supply counts are checked every 10 seconds.